 Dungeon Crawl Stone Soup version 0.18-a0-1443-ge8f1551 (webtiles) character file.

10023 namelastname112 the Martial Artist (level 11, 0/91 HPs)
             Began as a Green Draconian Transmuter on Feb 29, 2016.
             Was a High Priest of Sif Muna.
             Slain by Urug
             ... wielding a +2 long sword of distortion
              (2 damage)
             ... while paralysed by Erolcha
             ... on level 11 of the Dungeon.
             The game lasted 00:21:35 (13046 turns).

namelastname112 the Martial Artist (DrTm)          Turns: 13046, Time: 00:21:35

Health: 0/91       AC: 11    Str: 12    XL:     11   Next: 30%
Magic:  20/23      EV:  2    Int: 16    God:    Sif Muna [*****.]
Gold:   558        SH:  0    Dex: 14    Spells: 1 memorised, 24 levels left

rFire  . . .     SeeInvis +       - Unarmed
rCold  + . .     Gourm    .     (armour unavailable)
rNeg   . . .     Faith    .     (no shield)
rPois  +         Spirit   .     (helmet restricted)
rElec  .         Dismiss  .     C - +2 cloak
rCorr  .         Reflect  +     G - +0 pair of gloves
SustAt .         Harm     .     (no boots)
MR     .....                    z - +6 amulet of reflection
Stlth  +.........               I - ring of Joeruur {rC+ SInv}
                                g - +3 ring of intelligence

@: paralysed, not resistant to hostile enchantments, very unstealthy
A: breathe noxious fumes, unfitting armour, beak, hooves 1, clumsy 1, poison
resistance, cold-blooded, AC +7
a: Breathe Noxious Fumes, Channel Energy, Forget Spell, Renounce Religion


You were on level 11 of the Dungeon.
You worshipped Sif Muna.
Sif Muna was extremely pleased with you.
You were not hungry.

You visited 1 branch of the dungeon, and saw 11 of its levels.

You collected 558 gold pieces.

Inventory:

Hand Weapons
 u - a +1 blowgun
Missiles
 a - 145 arrows
 o - 15 arrows of flame
 v - 35 poisoned needles
 E - 4 arrows of frost
Armour
 C - a +2 cloak (worn)
 G - a +0 pair of gloves (worn)
Jewellery
 g - a +3 ring of intelligence (left hand)
 p - an uncursed ring of sustain attributes
 z - a +6 amulet of reflection (around neck)
 I - the ring of Joeruur (right hand) {rC+ SInv}
   (You found it on level 7 of the Dungeon)

   [ring of protection from cold]

   It protects you from cold.
   It lets you see invisible.
Wands
 k - a wand of iceblast (15/15)
 y - a wand of paralysis (10/24)
 B - a wand of confusion (30/48)
 H - a wand of flame (23/48)
 L - a wand of slowing (16/48)
 M - a wand of lightning (7/15)
 N - a wand of iceblast (7/15)
 O - a wand of lightning (9/15)
 R - a wand of iceblast (6/15)
Scrolls
 d - 5 scrolls of recharging
 e - 5 scrolls of enchant armour {unknown}
 f - 3 scrolls of remove curse
 i - 3 scrolls of magic mapping {unknown}
 j - 3 scrolls of enchant weapon
 m - 7 scrolls of identify
 w - 3 scrolls of fog
 K - 3 scrolls of teleportation
Potions
 l - 2 potions of invisibility
 q - 2 potions of flight {unknown}
 r - 3 potions of haste
 s - a potion of cancellation {unknown}
 t - 3 potions of curing
 A - a potion of brilliance {unknown}
 F - a potion of agility
Books
 b - a book of Changes

   Spells                             Type                      Level
   a - Beastly Appendage              Transmutation                1
   b - Sticks to Snakes               Transmutation                2
   c - Spider Form                    Transmutation/Poison         3
   d - Ice Form                       Ice/Transmutation            4
   e - Blade Hands                    Transmutation                5
 J - a book of the Sky

   Spells                             Type                      Level
   a - Summon Lightning Spire         Summoning/Air                4
   b - Airstrike                      Air                          4
   c - Silence                        Hexes/Air                    5
   d - Deflect Missiles               Charms/Air                   6
   e - Conjure Ball Lightning         Conjuration/Air              6
   f - Tornado                        Air                          9
 Q - a book of Clouds

   Spells                             Type                      Level
   a - Mephitic Cloud                 Conjuration/Poison/Air       3
   b - Conjure Flame                  Conjuration/Fire             3
   c - Poisonous Cloud                Conjuration/Poison/Air       6
   d - Freezing Cloud                 Conjuration/Ice/Air          6
   e - Ring of Flames                 Charms/Fire                  7
Comestibles
 c - 6 bread rations
 h - 7 fruits
 n - 2 beef jerkies
 x - 2 meat rations
 D - 7 royal jellies


   Skills:
 + Level 6.7 Fighting
 + Level 5.5 Dodging
 + Level 10.2 Unarmed Combat
 * Level 8.2 Spellcasting
 * Level 9.2 Transmutations


You had 24 spell levels left.
You knew the following spells:

 Your Spells              Type           Power        Failure   Level  Hunger
x - Sticks to Snakes      Trmt           #####...     1%          2    None


Dungeon Overview and Level Annotations

Branches:
Dungeon (11/15)            Temple (0/1) D:4            Lair (0/8) D:8
    Orc (0/2) D:10

Altars:
Ashenzari
Cheibriados
Elyvilon
Gozag
Kikubaaqudgha
Makhleb
Nemelex Xobeh
Okawaru
Pakellas
Sif Muna
Vehumet
Xom
Yredelemnul
Zin

Annotations:
D:11 Erolcha, Urug


Innate Abilities, Weirdness & Mutations

You can breathe blasts of noxious fumes.
Your lurid green scales are hard (AC +7).
Your body does not fit into most forms of armour.
Your system is resistant to poisons.
You are cold-blooded and may be slowed by cold attacks.
You have a beak for a mouth.
You have large cloven feet.
You are clumsy. (Dex -2)


Message History

The killer bee barely misses you.
Urug hits you with a long sword of distortion.
* * * LOW HITPOINT WARNING * * *
Space warps horribly around you!
* * * LOW HITPOINT WARNING * * *
The orc hits your adder with a whip!
Your ball python bites the killer bee.
Your ball python constricts the killer bee.
Your adder barely misses the killer bee.
The hound skeleton bites your ball python.
Your ball python dies!
The orc misses your adder.
An orc comes into view.
The killer bee barely misses you.
Your adder bites the orc.
The orc is poisoned.
Your adder poisons the orc!
The killer bee stings you.
* * * LOW HITPOINT WARNING * * *
Erolcha hits you but does no damage.
Urug hits you with a long sword of distortion.
* * * LOW HITPOINT WARNING * * *
Space bends around you.
You die...

.# #########.# #
#.........# .#
#.........###.#
............#
....%Z....#
#####....S...#
#...#...y....#
#§###..o@OSo.#
#<(((......o.#.
######........o.
.......#'####...
.###...#.# ..
#...... .
.$.......
###......<.
#.....####


You could see Urug, Erolcha, a killer bee, 3 orcs, a hound skeleton and 2
friendly adders.

Vanquished Creatures
  3 hill giants
  An orc knight (D:10)
  An ugly thing (D:10)
  2 trolls
  A queen bee (D:10)
  2 wyverns
  A wraith (D:9)
  A hungry ghost (D:9)
  Eustachio (D:6)
  6 yaks
  3 steam dragons
  3 wargs (D:8)
  An orc warrior (D:10)
  4 phantoms
  A sky beast (D:8)
  2 ice beasts (D:7)
  A wasp (D:10)
  2 black bears
  4 ogres
  An eye of draining (D:5)
  5 centaurs
  2 crocodiles
  2 big kobolds (D:10)
  5 giant frogs
  A wyvern zombie (D:10)
  2 scorpions
  17 killer bees
  4 howler monkeys
  5 crimson imps
  3 centaur zombies
  2 jellies
  3 centaur skeletons
  12 orc wizards
  7 orc priests
  6 hounds
  3 worker ants
  A hound zombie (D:5)
  A hound skeleton (D:8)
  A howler monkey zombie (D:5)
  11 adders
  A howler monkey skeleton (D:6)
  A shadow imp (D:9)
  An ooze (D:4)
  2 adder zombies
  An adder skeleton (D:8)
  2 worms
  3 dart slugs
  7 giant geckos
  39 orcs
  3 ball pythons
  8 bats
  A bat zombie (D:8)
  8 giant cockroaches
  4 goblins
  6 hobgoblins
  4 jackals
  3 quokkas
  A giant gecko skeleton (D:4)
  4 giant newts
  7 kobolds
  A quokka skeleton (D:7)
  6 rats
  2 rat zombies (D:8)
249 creatures vanquished.

Vanquished Creatures (collateral kills)
  A giant frog (D:8)
  2 killer bees
  2 worker ants
  An adder (D:3)
  A worm (D:2)
  An orc (D:3)
  A hobgoblin (D:2)
  A rat (D:3)
10 creatures vanquished.

Vanquished Creatures (others)
  A yak (D:10)
  An adder zombie (D:7)
2 creatures vanquished.

Grand Total: 261 creatures vanquished

Notes
Turn   | Place    | Note
--------------------------------------------------------------
     0 | D:1      | namelastname112 the Draconian Transmuter began the quest for the Orb.
     0 | D:1      | Reached XP level 1. HP: 16/16 MP: 3/3
   122 | D:1      | Found a shattered altar of Ashenzari.
   149 | D:1      | Reached XP level 2. HP: 23/23 MP: 5/5
   153 | D:1      | Learned a level 2 spell: Sticks to Snakes
   384 | D:1      | Reached skill level 4 in Unarmed Combat
   719 | D:2      | Reached XP level 3. HP: 26/28 MP: 6/6
  1682 | D:3      | Reached XP level 4. HP: 21/35 MP: 5/7
  1702 | D:3      | Reached skill level 5 in Unarmed Combat
  2393 | D:3      | Reached XP level 5. HP: 27/40 MP: 8/8
  2514 | D:3      | Noticed a black bear
  2526 | D:3      | Killed a black bear
  2526 | D:3      | Reached skill level 6 in Unarmed Combat
  2718 | D:3      | Found a white marble altar of Elyvilon.
  2946 | D:3      | Reached XP level 6. HP: 29/47 MP: 9/9
  3063 | D:3      | namelastname112: бля
  3063 | D:3      | namelastname112: змейки такие охуенные
  3063 | D:3      | Karasique: охуенно когда мокасин прокает
  3063 | D:3      | namelastname112: ага
  3063 | D:3      | namelastname112: да и обычные тоже норм
  3063 | D:3      | namelastname112: констрикт
  3063 | D:3      | namelastname112: все дела
  3153 | D:3      | Reached skill level 7 in Unarmed Combat
  3357 | D:3      | Found a burning altar of Makhleb.
  3549 | D:4      | Found an opulent altar of Gozag.
  3845 | D:4      | Found a sparkling altar of Nemelex Xobeh.
  4181 | D:4      | Reached skill level 8 in Unarmed Combat
  4181 | D:4      | Your scales start taking on a lurid green colour.
  4181 | D:4      | Reached XP level 7. HP: 30/52 MP: 4/10
  4181 | D:4      | Gained mutation: Your system is resistant to poisons. [Green Draconian growth]
  4594 | D:4      | Found a basalt altar of Yredelemnul.
  4634 | D:4      | Found a snail-covered altar of Cheibriados.
  4638 | D:4      | Found an iron altar of Okawaru.
  4639 | D:4      | Found an oddly glowing altar of Pakellas.
  4639 | D:4      | Found a basalt altar of Yredelemnul.
  4643 | D:4      | Found a deep blue altar of Sif Muna.
  4656 | D:4      | Found a shattered altar of Ashenzari.
  4657 | D:4      | Found a shimmering altar of Xom.
  4658 | D:4      | Found a radiant altar of Vehumet.
  4782 | D:4      | Became a worshipper of Sif Muna the Loreminder
  4812 | D:4      | Found a staircase to the Ecumenical Temple.
  4926 | D:5      | Entered Level 5 of the Dungeon
  5435 | D:5      | namelastname112: ух
  5435 | D:5      | namelastname112: +6
  5517 | D:5      | Karasique: а чего ты паука не учишь
  5586 | D:5      | Karasique: он вроде больше бьет чем просто с руки
  5675 | D:5      | namelastname112: да
  5675 | D:5      | namelastname112: но я не люблю спайдер форму
  5675 | D:5      | namelastname112: я котирую только три формы
  5675 | D:5      | Karasique: но ты быстро апнешь с +2 аптом на поизон
  5675 | D:5      | ololoev: неймластнейм, у тебя не рябит в глазах от мувделея?
  5675 | D:5      | Karasique: хотя бы на троечку
  5675 | D:5      | namelastname112: нет
  5675 | D:5      | namelastname112: не рябит
  5675 | D:5      | namelastname112: а че
  5675 | D:5      | ololoev: везет тебе
  5675 | D:5      | namelastname112: у тебя рябит?
  5675 | D:5      | ololoev: есть немного
  5675 | D:5      | namelastname112: мне так удобнее
  5675 | D:5      | namelastname112: ну извини
  5675 | D:5      | ololoev: да норм
  5740 | D:5      | ololoev: просто интересуюсь
  5826 | D:5      | Reached XP level 8. HP: 52/61 MP: 12/12
  5868 | D:5      | namelastname112: а паука я не люблю
  5868 | D:5      | namelastname112: с тех пор, как ему скорость порезали
  5982 | D:6      | Reached * piety under Sif Muna
  6584 | D:6      | Noticed Eustachio
  6608 | D:6      | Killed Eustachio
  6619 | D:6      | Reached skill level 9 in Unarmed Combat
  6731 | D:6      | Reached skill level 5 in Transmutations
  7111 | D:7      | Got a transparent steel ring
  7113 | D:7      | Identified the ring of Joeruur {rC+ SInv} (You found it on level 7 of the Dungeon)
  7131 | D:7      | Reached XP level 9. HP: 46/70 MP: 15/15
  7137 | D:7      | Found a radiant altar of Vehumet.
  7147 | D:7      | Got a blackened short sword
  7150 | D:7      | Identified the cursed +1 short sword "Uttocew" {pierce, MR+ Stlth+} (You found it on level 7 of the Dungeon)
  7587 | D:7      | Karasique: а в чем профит сиф муны, у Тм мана чтоли кончается?
  7587 | D:7      | namelastname112: не
  7587 | D:7      | namelastname112: формы раньше
  7587 | D:7      | namelastname112: смогу думаю к лейру кастовать
  7587 | D:7      | namelastname112: дракона или типа того
  7735 | D:7      | Reached skill level 5 in Spellcasting
  7800 | D:7      | Reached ** piety under Sif Muna
  7855 | D:7      | Noticed a troll
  7869 | D:7      | Killed a troll
  8186 | D:8      | Found an ancient bone altar of Kikubaaqudgha.
  8565 | D:8      | Found a staircase to the Lair.
  8717 | D:8      | namelastname112: ммм
  8717 | D:8      | namelastname112: хорошая книжка
  8717 | D:8      | Karasique: но тебе надо вся экспа в анарм и трансмуты
  8717 | D:8      | namelastname112: ну да
  8717 | D:8      | namelastname112: это на потом
  8908 | D:8      | Reached XP level 10. HP: 63/80 MP: 19/19
  8934 | D:8      | Gained mutation: You have large cloven feet. [mutagenic meat]
  8936 | D:8      | Gained mutation: You are clumsy. (Dex -2) [mutagenic meat]
  8937 | D:8      | Gained mutation: You have a beak for a mouth. [mutagenic meat]
  9165 | D:9      | Found a glowing silver altar of Zin.
  9264 | D:9      | Reached *** piety under Sif Muna
  9264 | D:9      | Reached skill level 5 in Fighting
 10268 | D:10     | Entered Level 10 of the Dungeon
 10433 | D:10     | Noticed a hill giant
 10465 | D:9      | Killed a hill giant
 10616 | D:10     | Reached skill level 5 in Dodging
 10644 | D:10     | Noticed a hill giant
 10663 | D:9      | Killed a hill giant
 10687 | D:10     | Reached **** piety under Sif Muna
 10687 | D:10     | Reached skill level 10 in Unarmed Combat
 11141 | D:10     | Noticed an orc knight
 11158 | D:9      | namelastname112: вот чепушила
 11158 | D:9      | namelastname112: откуда он вообще на д10
 11158 | D:9      | Karasique: да ты его ебнешь за конфуз, с другого входа зайди
 11909 | D:10     | Reached XP level 11. HP: 81/89 MP: 22/22
 12020 | D:10     | Noticed a hill giant
 12070 | D:10     | Killed a hill giant
 12399 | D:10     | Killed an orc knight
 12593 | D:10     | Found a staircase to the Orcish Mines.
 12806 | D:11     | Noticed Urug
 12808 | D:11     | Noticed Erolcha
 12877 | D:10     | Noticed a white ugly thing
 12906 | D:10     | Reached ***** piety under Sif Muna
 12915 | D:10     | Killed a white ugly thing
 13039 | D:11     | namelastname112: ммм
 13039 | D:11     | namelastname112: дисторт
 13039 | D:11     | namelastname112: классс
 13039 | D:11     | Karasique: может на лестницу и съебать
 13042 | D:11     | Paralysed by Erolcha for 6 turns
 13046 | D:11     | HP: 2/91 [Urug/long sword of distortion (4)]
 13046 | D:11     | Slain by Urug

Vault maps used:
D:1:      mrwooster_arrival_statue_3, evilmike_ruin_ashenzari
D:2:      first_bread
D:3:      elyvilon_altar_5, makhleb_blood_cavern_becter
D:4:      nemelex_xobeh_ov_fountains_minmay, kennysheep_mini_moat, minitemple,
          minmay_temple_entry_enclosed_plants, yredelemnul_altar_generic
D:6:      hangedman_decor_push, kennysheep_generic_room_14, uniq_eustachio
D:7:      basic_altar
D:8:      lemuel_zombie_altar_kikubaaqudgha, erik_lair_orcish_takeover
D:9:      zin_academy
D:10:     minmay_ornate_pinched, david_nohive_1
D:11:     uniq_gastronok, uniq_erolcha, uniq_snorg, uniq_urug

Skill      XL: |  1  2  3  4  5  6  7  8  9 10 11 |
---------------+----------------------------------+-----
Unarmed Combat | 4 5 6 8 9 10 | 10.2
Dodging        | 2 3 4 5 |  5.5
Fighting       | 2 3 4 6 |  6.7
Transmutations | 3 5 7 8 9 |  9.2
Spellcasting   | 3 4 6 7 8 |  8.2

Action                   |  1- 3 |  4- 6 |  7- 9 | 10-12 || total
-------------------------+-------+-------+-------+-------++-------
Melee: Unarmed           |   172 |   143 |   487 |   420 ||  1222
       Short sword       |       |       |    53 |       ||    53
Throw: Throwing net      |       |       |       |     1 ||     1
 Cast: Sticks to Snakes  |     3 |    15 |     4 |     9 ||    31
 Abil: Breathe Noxious F |       |       |    21 |    20 ||    41
  Use: Potion            |       |     3 |       |       ||     3
       Scroll            |       |       |    10 |     1 ||    11
 Stab: Sleeping          |     1 |     2 |     1 |       ||     4
       Distracted        |       |     3 |     2 |     1 ||     6
       Invisible         |       |     3 |       |       ||     3
       Confused          |       |       |    23 |    13 ||    36
       Held in net/web   |       |       |       |     2 ||     2
  Eat: Chunk             |     3 |     8 |    19 |    13 ||    43
       Beef jerky        |       |       |     1 |       ||     1
       Pizza             |       |       |       |     2 ||     2
       Meat ration       |       |       |       |     2 ||     2
